 Dungeon Crawl Stone Soup version 0.31-a0-233-g139696dc86 (webtiles) character file.

Game seed: 17636052853581144941

16506 Shard1697 the Carver (level 12, -4/89 HPs)
             Began as a Djinni Reaver on July 8, 2023.
             Was a Priest of Okawaru.
             Slain by a centaur warrior simulacrum (24 damage)
             ... in a Gauntlet.
             The game lasted 00:21:59 (12937 turns).

Shard1697 the Carver (Djinni Reaver)               Turns: 12937, Time: 00:22:00

Health: -4/89      AC: 15    Str: 11    XL:     12   Next: 71%
Gold:   529        EV:  8    Int: 17    God:    Okawaru [***...] SH: 11 Dex: 15

rFire   + + +        a - +2 scimitar (vamp)
rCold   . . .        s - +0 buckler
rNeg    . . .        v - +3 scale mail
rPois   ∞            i - +2 helmet
rElec   +            j - +2 cloak {rPois}
rCorr   +            (no gloves)
SInv    .            (boots unavailable)
Will    ++...        q - amulet of reflection Stlth
                     r - ring of willpower
HPRegen 0.34/turn    (no ring)
MPRegen 0.00/turn

%: no teleportation, reflection, infuse magic (-5 HP)
@: resistant, flying, studying Armour
A: sickness immunity, fire resistance 2, cold vulnerability 1, float, innate
caster, HP casting, extra vitality 1
a: Renounce Religion, Heroism


You were in a Gauntlet.
You worshipped Okawaru.
Okawaru was most pleased with you.
You visited 2 branches of the dungeon, and saw 12 of its levels.
You also visited: Ossuary, Bailey and Gauntlet.

You collected 837 gold pieces.
You spent 308 gold pieces at shops.

Inventory:

Hand Weapons
 a - a +2 vampiric scimitar (weapon)
 b - a +0 short sword of electrocution
Armour
 i - a +2 helmet (worn)
 j - a +2 cloak of poison resistance (worn)
 m - a +2 robe of willpower
 s - a +0 buckler (worn)
 v - a +3 scale mail (worn)
Jewellery
 d - an amulet of the acrobat
 q - an amulet of reflection (around neck)
 r - a ring of willpower (left hand)
Wands
 c - a wand of charming (7)
Scrolls
 e - 3 scrolls of amnesia
 f - 5 scrolls of teleportation
 h - 5 scrolls of immolation
 o - a scroll of enchant armour
 p - 2 scrolls of revelation
Potions
 g - 3 potions of brilliance
 k - 3 potions of cancellation
 l - 2 potions of heal wounds
 n - a potion of attraction
 t - 5 potions of mutation
 u - 5 potions of curing
 w - a potion of enlightenment {unknown}
 x - 2 potions of ambrosia
 z - a potion of berserk rage
 A - 2 potions of haste
 D - 3 potions of lignification


   Skills:
 - Level 9.0 Fighting
 - Level 11.3 Long Blades
 + Level 0.0 Armour
 - Level 2.1 Dodging
 - Level 6.4 Shields
 + Level 8.9 Spellcasting
 + Level 8.9 Conjurations
 + Level 8.9 Hexes
   Level 0.0 Charms
 + Level 8.9 Summonings
 + Level 8.9 Necromancy
 + Level 8.9 Translocations
 + Level 8.9 Transmutations
 + Level 8.9 Fire Magic
 + Level 8.9 Ice Magic
 + Level 8.9 Air Magic
 + Level 8.9 Earth Magic
 + Level 8.9 Poison Magic
 - Level 2.8 Invocations


You knew the following spells:

 Your Spells              Type           Power      Damage    Failure   Level
a - Kiss of Death         Conj/Necr      100%       2d13      1%          1
b - Momentum Strike       Conj/Tloc      74%        3d10      3%          2
c - Hailstorm             Conj/Ice       37%        3d9       6%          3
d - Beastly Appendage     Tmut           74%        N/A       1%          1
e - Volatile Blastmotes   Fire/Tloc      74%        2d16      6%          3
f - Static Discharge      Conj/Air       74%        2-6/arc   3%          2
g - Freezing Cloud        Conj/Ice/Air   18%        6-21      50%         5
h - Ice Form              Ice/Tmut       37%        N/A       21%         4
Your spell library was empty.

Dungeon Overview and Level Annotations

Branches:
Dungeon (11/15)            Temple (1/1) D:6            Lair (0/5) D:9
Ossuary (visited)          Bailey (visited)         Gauntlet (1/1)
    Orc: D:9-12

Altars:
Ashenzari
Cheibriados
Dithmenos
Elyvilon
Fedhas
Gozag
Hepliaklqana
Makhleb
Nemelex Xobeh
Okawaru
Qazlal
Ru
Trog
Uskayaw
Wu Jian
Xom
Yredelemnul
Zin
The Shining One

Shops:
D:6 !

Annotations:
D:4 3 runed translucent doors, knightboat's ghost, amateur OgMo Gauntlet 10 transporters, 15 runed translucent doors, exclusion: orange crystal statue


Innate Abilities, Weirdness & Mutations

You are immune to sickness and miasma.
You are immune to poison.
Your flesh is very heat resistant. (rF++)
You are vulnerable to cold. (rC-)
You float through the air rather than walking.
You learn spells naturally, not from books.
Your magical power is your life essence.
You have superior vitality. (+4 MHP)


Message History

The centaur warrior simulacrum kicks you but does no damage.
The centaur warrior simulacrum hits you.
The centaur warrior simulacrum freezes you!!
The centaur warrior simulacrum barely misses you.
The centaur warrior simulacrum hits you.
The centaur warrior simulacrum freezes you!!
The centaur warrior simulacrum barely misses you.
There is an open translucent door here.
You hit the centaur warrior simulacrum but do no damage.
You block the centaur warrior simulacrum's attack.
The centaur warrior simulacrum kicks you but does no damage.
The centaur warrior simulacrum hits you.
The centaur warrior simulacrum freezes you!!
* * * LOW HITPOINT WARNING * * *
You block the centaur warrior simulacrum's attack.
You feel much better.
The centaur warrior simulacrum hits you but does no damage.
The centaur warrior simulacrum kicks you but does no damage.
You slash the centaur warrior simulacrum!
The centaur warrior simulacrum is moderately damaged.
You block the centaur warrior simulacrum's attack.
The centaur warrior simulacrum kicks you but does no damage.
The centaur warrior simulacrum barely misses you.
The centaur warrior simulacrum kicks you but does no damage.
You hit the centaur warrior simulacrum.
The centaur warrior simulacrum is moderately damaged.
The centaur warrior simulacrum hits you.
The centaur warrior simulacrum freezes you!!
* * * LOW HITPOINT WARNING * * *
You block the centaur warrior simulacrum's attack.
You slash the centaur warrior simulacrum!
The centaur warrior simulacrum is almost destroyed.
The centaur warrior simulacrum hits you but does no damage.
The centaur warrior simulacrum kicks you but does no damage.
You hit the centaur warrior simulacrum.
The centaur warrior simulacrum is almost destroyed.
The centaur warrior simulacrum hits you.
* * * LOW HITPOINT WARNING * * *
The centaur warrior simulacrum freezes you!!
You die...

#############
###########≈#≈#≈#≈#≈#≈###########
≈#≈#≈#≈#§#.............#≈#§#§#≈#≈
.............∩..8..∩......§§.....
...8.....8......©......8.....8...
...©.......###########.......©...
########...#..'.©.+..#...########
....Z..#...#..'.@.+..#...##..#.#.
Z.####.#...#++#Z#+#++#...#t##.#.#
B#.....#...#..+.Z.+..#...##..##.#
Z#.©####.8.#..+...+..#.8.##.#©.#.
.#.#.[Z#...#++#...#++#...#.#..##.
Z#.# ...#.Z#'''#..#...#.###..#
BZ.# ...#.........#.. !=©).# ####
...#..[.©![..#.. ###### .#.©
...###########. #.©.#.


You could see an ice dragon simulacrum and 2 centaur warrior simulacra.

Vanquished Creatures
  An orc warlord (Bailey)
  A two-headed ogre (D:10)
  Pikel (D:5)
  A hornet (D:7)
  A shadow (D:10)
  Sigmund (D:5)
  7 yaks (D:9)
  A wraith (D:10)
  3 wyverns
  3 wargs (D:9)
  A water moccasin (D:7)
  3 sky beasts
  9 orc warriors
  2 ice beasts (D:7)
  5 centaurs
  3 ogres
  5 kobold brigands
  A bullfrog (D:7)
  4 scorpions
  14 wights
  13 killer bees
  A howler monkey (D:7)
  Crazy Yiuf (D:7)
  8 hounds
  4 jellies
  10 orc priests
  2 iguanas (D:5)
  15 orc wizards
  3 sleepcaps
  Natasha (twice) (D:2)
  9 mummies
  Robin (D:2)
  8 adders
  9 gnolls
  A shadow imp (D:7)
  3 white imps
  2 ufetubi (D:5)
  3 worms
  4 dart slugs
  46 orcs
  6 ball pythons
  5 bats
  4 endoplasms
  2 giant cockroaches
  31 goblins
  18 hobgoblins
  33 kobolds
  4 quokkas
  4 frilled lizards
  2 gnoll zombies (Ossuary)
  4 hobgoblin zombies
  2 kobold zombies
  2 orc zombies (Ossuary)
  4 rats
333 creatures vanquished.

Vanquished Creatures (others)
  A kobold (D:9)
1 creature vanquished.

Grand Total: 334 creatures vanquished

Notes
Turn   | Place    | Note
-------+----------+-------------------------------------------
     0 | D:1      | Shard1697 the Djinni Reaver began the quest for the Orb.
     0 | D:1      | Shard1697 set off with the following spells memorised: Kiss
                  | of Death, Momentum Strike, Hailstorm.
     0 | D:1      | Reached XP level 1. HP: 18/18 MP: 0/0
    29 | D:1      | Reached skill level 3 in Long Blades
   225 | D:1      | Reached XP level 2. HP: 23/23 MP: 0/0
   959 | D:2      | Reached XP level 3. HP: 27/28 MP: 0/0
   959 | D:2      | Learned a level 1 spell: Beastly Appendage
   963 | D:2      | Noticed Robin
   990 | D:2      | Killed Robin
  1243 | D:2      | Noticed Natasha
  1300 | D:2      | Killed Natasha
  1301 | D:2      | Reached skill level 4 in Long Blades
  1301 | D:2      | Reached XP level 4. HP: 27/33 MP: 0/0
  1974 | D:2      | Noticed Natasha
  1998 | D:2      | Killed Natasha
  1999 | D:2      | Reached XP level 5. HP: 13/38 MP: 0/0
  1999 | D:2      | Learned a level 2 spell: Static Discharge
  2208 | D:3      | Identified the +5 hand axe "Fonat" {drain, Int+5}
  2846 | D:4      | Reached skill level 5 in Long Blades
  2855 | D:3      | Reached XP level 6. HP: 15/43 MP: 0/0
  3382 | D:4      | Reached skill level 6 in Long Blades
  3382 | D:4      | Reached XP level 7. HP: 35/49 MP: 0/0
  3382 | D:4      | Learned a level 3 spell: Volatile Blastmotes
  3514 | D:4      | Found a runed translucent gate.
  3515 | D:4      | Found a runed translucent gate.
  3517 | D:4      | Found a runed translucent gate.
  3519 | D:4      | Noticed knightboat's ghost (amateur OgMo)
  3526 | D:4      | Identified the +0 scale mail of Kexoz {Int+2 Dex+2}
  3846 | D:4      | Found a broken altar of Ashenzari.
  4018 | D:5      | Entered Level 5 of the Dungeon
  4081 | D:5      | Noticed Sigmund
  4099 | D:5      | Killed Sigmund
  4135 | D:5      | Noticed Pikel
  4160 | D:5      | Killed Pikel
  4161 | D:5      | Reached skill level 7 in Long Blades
  4161 | D:5      | Reached XP level 8. HP: 38/54 MP: 0/0
  4272 | D:5      | Reached skill level 8 in Long Blades
  4298 | D:5      | Found a sand-covered staircase.
  4307 | Ossuary  | Entered an ossuary
  4988 | D:5      | Reached XP level 9. HP: 43/58 MP: 0/0
  4988 | D:5      | Learned a level 4 spell: Ice Form
  5154 | D:5      | Reached skill level 9 in Long Blades
  5549 | D:5      | Reached skill level 5 in Spellcasting
  5549 | D:5      | Reached skill level 5 in Conjurations
  5549 | D:5      | Reached skill level 5 in Hexes
  5549 | D:5      | Reached skill level 5 in Summonings
  5549 | D:5      | Reached skill level 5 in Necromancy
  5549 | D:5      | Reached skill level 5 in Translocations
  5549 | D:5      | Reached skill level 5 in Transmutations
  5549 | D:5      | Reached skill level 5 in Fire Magic
  5549 | D:5      | Reached skill level 5 in Ice Magic
  5549 | D:5      | Reached skill level 5 in Air Magic
  5549 | D:5      | Reached skill level 5 in Earth Magic
  5549 | D:5      | Reached skill level 5 in Poison Magic
  5735 | D:6      | Found a staircase to the Ecumenical Temple.
  5747 | Temple   | Entered the Ecumenical Temple
  6420 | D:6      | Reached skill level 10 in Long Blades
  6496 | D:6      | Found Epriz's Distillery.
  6514 | D:6      | Bought a potion of curing for 42 gold pieces
  6514 | D:6      | Bought a potion of curing for 42 gold pieces
  6514 | D:6      | Bought a potion of heal wounds for 70 gold pieces
  6514 | D:6      | Bought a potion of mutation for 112 gold pieces
  6514 | D:6      | Bought a potion of lignification for 42 gold pieces
  6839 | D:7      | Noticed a hornet
  6849 | D:7      | Killed a hornet
  6850 | D:7      | Reached XP level 10. HP: 50/64 MP: 0/0
  7229 | D:7      | Found a runed translucent door.
  7230 | D:7      | Noticed Crazy Yiuf
  7286 | D:7      | Killed Crazy Yiuf
  7376 | D:7      | Found a burning altar of Makhleb.
  7940 | D:7      | Reached skill level 5 in Fighting
  8853 | D:8      | Found an iron altar of Okawaru.
  8915 | D:8      | Became a worshipper of Warmaster Okawaru
  9456 | D:8      | Found a flagged portal.
  9472 | Bailey   | Entered a bailey
  9735 | Bailey   | Reached * piety under Okawaru
  9813 | Bailey   | Noticed an orc warlord
  9861 | Bailey   | Killed an orc warlord
  9862 | Bailey   | Reached XP level 11. HP: 53/81 MP: 0/0
  9862 | Bailey   | Learned a level 5 spell: Freezing Cloud
 10076 | Bailey   | Reached ** piety under Okawaru
 10561 | D:9      | Reached skill level 1 in Invocations
 10632 | D:9      | Reached skill level 11 in Long Blades
 10930 | D:9      | Found a staircase to the Lair.
 10945 | D:9      | Reached skill level 1 in Shields
 10968 | D:9      | Reached XP level 12. HP: 52/88 MP: 0/0
 11291 | D:10     | Entered Level 10 of the Dungeon
 11491 | D:10     | Found a stormy altar of Qazlal.
 11615 | D:10     | Found a snail-covered altar of Cheibriados.
 11615 | D:10     | Found a shadowy altar of Dithmenos.
 11617 | D:10     | Found an opulent altar of Gozag.
 11621 | D:10     | Found a glowing golden altar of the Shining One.
 11771 | D:10     | Reached *** piety under Okawaru
 11772 | D:10     | Noticed a two-headed ogre
 11781 | D:10     | Killed a two-headed ogre
 12777 | D:11     | Found a gate leading to a gauntlet.
 12786 | Gauntlet | Entered a Gauntlet
 12786 | Gauntlet | Found a transporter.
 12786 | Gauntlet | Found a large runed translucent door.
 12786 | Gauntlet | Found a large runed translucent door.
 12786 | Gauntlet | Found a large runed translucent door.
 12786 | Gauntlet | Found a large runed translucent door.
 12786 | Gauntlet | Found a large runed translucent door.
 12786 | Gauntlet | Found a large runed translucent door.
 12786 | Gauntlet | Found a runed translucent door.
 12786 | Gauntlet | Found a runed translucent door.
 12786 | Gauntlet | Found a large runed translucent door.
 12786 | Gauntlet | Found a large runed translucent door.
 12786 | Gauntlet | Found a large runed translucent door.
 12786 | Gauntlet | Found a large runed translucent door.
 12786 | Gauntlet | Found a large runed translucent door.
 12786 | Gauntlet | Found a large runed translucent door.
 12795 | Gauntlet | Found a transporter.
 12795 | Gauntlet | Noticed a death scarab
 12797 | Gauntlet | Found a large runed translucent door.
 12797 | Gauntlet | Found a large runed translucent door.
 12802 | Gauntlet | Noticed a death scarab
 12815 | Gauntlet | Found a transporter.
 12831 | Gauntlet | Found a transporter.
 12845 | Gauntlet | Found a transporter.
 12858 | Gauntlet | Found a transporter.
 12876 | Gauntlet | Found a transporter.
 12880 | Gauntlet | Found a transporter.
 12880 | Gauntlet | Noticed a ghost crab
 12888 | Gauntlet | Found a transporter.
 12901 | Gauntlet | Found a large runed translucent door.
 12902 | Gauntlet | Found a large runed translucent door.
 12904 | Gauntlet | Found a runed translucent gate.
 12905 | Gauntlet | Found a runed translucent gate.
 12913 | Gauntlet | Found a runed translucent gate.
 12914 | Gauntlet | Found a transporter.
 12925 | Gauntlet | Found a transporter.
 12937 | Gauntlet | Slain by a centaur warrior simulacrum

Illustrated notes

Levels and vault maps discovered:
D:1:      lightli_arrival_lavapool, layout_loops_ring, chequers_garden,
          minmay_pentomino_x2
D:2:      layout_loops_corners, serial_co_window_serial, co_window_paths_a,
          co_window_paths_a, co_window_paths_a, co_window_of_opportunity_a,
          co_window_cross_1, co_window_unsneaky_path_c, co_window_cross_4,
          co_window_broadway_a, co_window_unsneaky_path_b, co_window_corner_cb,
          co_window_unsneaky_path_d, glass_columns_a, glass_columns_a,
          glass_columns_b, glass_columns_b, uniq_robin, uniq_natasha
D:3:      layout_loops_cross
D:4:      layout_loops_corners, nicolae_overflow_hidden_temple,
          biasface_ghost_orc_armoury
D:5:      layout_basic, nicolae_ossuary_entry_giza, uniq_pikel, uniq_sigmund
D:6:      layout_rooms, minmay_temple_entry_steel_oval, serial_shops,
          nicolae_shop_tiny_glass, grunt_tough_drop
D:7:      layout_layer_cave, makhleb_heckhound_becter, amethyst_killhole,
          palyth_stone_intersect, chequers_decorated_corner,
          chequers_serial_rivers_room_b, uniq_crazy_yiuf_cottage
D:8:      layout_loops_ring, mainiacjoe_overflow_boulevard, enter_bailey_7
D:9:      layout_basic, erik_lair_orcish_takeover
D:10:     layout_loops_ring, nicolae_qazlal_style_of_elements, minitemple,
          nicolae_concentric_dashed_squares_wild, kennysheep_generic_room_7
D:11:     layout_gridville, gauntlet_entry_generic
Temple:   minmay_temple_curvy_branch
Gauntlet: minmay_gauntlet_mixed_oops_all_seconds [minmay_gauntlet_arena_77_mess,
          minmay_gauntlet_arena_make_your_own_arena,
          minmay_gauntlet_arena_77_radiant_squares, nicolae_gauntlet_swirl,
          minmay_gauntlet_arena_77_mirror, gammafunk_gauntlet_arena_corners,
          gauntlet_exit_green]

Skill      XL: |  1  2  3  4  5  6  7  8  9 10 11 12 |
---------------+-------------------------------------+-----
Long Blades    | 3 4 5 6 7 8 10 11 | 11.3
Spellcasting   | 3 4 5 6 8 |  8.9
Conjurations   | 3 4 5 6 8 |  8.9
Hexes          | 3 4 5 6 8 |  8.9
Summonings     | 3 4 5 6 8 |  8.9
Necromancy     | 3 4 5 6 8 |  8.9
Translocations | 3 4 5 6 8 |  8.9
Transmutations | 3 4 5 6 8 |  8.9
Fire Magic     | 3 4 5 6 8 |  8.9
Ice Magic      | 3 4 5 6 8 |  8.9
Air Magic      | 3 4 5 6 8 |  8.9
Earth Magic    | 3 4 5 6 8 |  8.9
Poison Magic   | 3 4 5 6 8 |  8.9
Fighting       | 3 8 9 |  9.0
Invocations    | 2 |  2.8
Shields        | 6 |  6.4
Dodging        | |  2.1

Action                     |  1- 3 |  4- 6 |  7- 9 | 10-12 || total
---------------------------+-------+-------+-------+-------++-------
  Melee: Falchion          |    40 |       |       |       ||    40
         Short sword       |    63 |    49 |       |       ||   112
         Punch             |     2 |     1 |     2 |    10 ||    15
         Hand axe          |       |    89 |   240 |       ||   329
         Rapier            |       |       |     4 |   213 ||   217
         Scimitar          |       |       |       |   575 ||   575
   Cast: Volatile Blastmot |       |       |     7 |       ||     7
         Momentum Strike   |       |       |     2 |       ||     2
         Kiss of Death     |       |       |     2 |       ||     2
         Hailstorm         |       |       |     1 |       ||     1
 Invoke: Heroism           |       |       |       |     1 ||     1
  Evoke: Wand              |       |       |       |     5 ||     5
    Use: Scroll            |       |     6 |     6 |    10 ||    22
         Potion            |       |       |     2 |     8 ||    10
   Stab: Sleeping          |       |     1 |     1 |       ||     2
         Invisible         |       |       |       |     2 ||     2
 Armour: Leather armour    |     4 |       |       |       ||     4
         Ring mail         |    43 |       |       |       ||    43
         Robe              |       |    43 |    84 |   213 ||   340
         Scale mail        |       |       |       |     9 ||     9
  Dodge: Dodged            |    63 |   103 |   149 |   308 ||   623
  Block: Other             |       |     5 |    67 |   102 ||   174
         Reflection        |       |       |       |    13 ||    13
         Buckler           |       |       |       |   121 ||   121

Table legend: (Time is in decaauts)
 A = Elapsed time spent in this place.
 B = Non-inter-level travel time spent in this place.
 C = Inter-level travel time spent in this place.
 D = Time resting spent in this place.
 E = Time spent auto-exploring this place.
 F = Levels seen in this place.
 G = Mean time per level.
                   A        B        C        D        E       F      G
               +--------+--------+--------+--------+--------+-----+--------+
         Total |  12935 |  12368 |    567 |   1660 |   7444 |  15 |  862.3 |
       Dungeon |  11261 |  10694 |    567 |   1280 |   6881 |  11 | 1023.7 |
        Temple |    314 |    314 |      0 |     33 |    248 |   1 |  314.0 |
       Ossuary |    518 |    518 |      0 |    237 |    100 |   1 |  518.0 |
        Bailey |    691 |    691 |      0 |    109 |    179 |   1 |  691.0 |
      Gauntlet |    150 |    150 |      0 |      0 |     36 |   1 |  150.0 |
               +--------+--------+--------+--------+--------+-----+--------+

Top non-repeatable levels by time:
     D:7: 2053 daAuts
    D:10: 1407 daAuts
     D:2: 1345 daAuts
     D:5: 1133 daAuts
     D:4: 1089 daAuts
     D:8: 1013 daAuts
     D:3: 815 daAuts
     D:9: 791 daAuts
     D:1: 787 daAuts
     D:6: 746 daAuts
  Bailey: 691 daAuts
 Ossuary: 518 daAuts
  Temple: 314 daAuts
Gauntlet: 150 daAuts
    D:11: 77 daAuts
